 Dungeon Crawl Stone Soup version 0.30.1-6-gbe392663c4 (webtiles) character file.

Game seed: 6183814756837016190

107747 ChiefBigBeans the Severer (level 16, -1/152 HPs)
             Began as a Minotaur Berserker on Sept 21, 2023.
             Was the Champion of Trog.
             Slain by a naga warrior
             ... wielding a +0 scimitar
              (16 damage)
             ... on level 1 of the Snake Pit.
             The game lasted 00:56:54 (21187 turns).

ChiefBigBeans the Severer (Minotaur Berserker)     Turns: 21187, Time: 00:56:54

Health: -1/152     AC: 32    Str: 29    XL:     16   Next: 1%
Magic:  5/15       EV: 17    Int:  7    God:    Trog [******]
Gold:   2113       SH:  0    Dex: 15    Spells: 15/15 levels left

rFire   . . .        K - +5 executioner's axe (heavy)
rCold   + . .        (shield currently unavailable)
rNeg    . . .        u - +2 crystal plate armour
rPois   .            s - +1 hat
rElec   +            r - scarf {shadows}
rCorr   .            P - +2 pair of gloves {infuse}
SInv    .            N - +0 pair of boots
Will    +....        z - amulet of the acrobat Stlth
                     E - ring "Xiympiny" {rC+ Int+3 Dex+4}
HPRegen 1.25/turn    A - +5 ring of evasion
MPRegen 0.14/turn

%: acrobat, infuse magic (1 MP)
@: lethally poisoned (-1 -> -2), slowed, very slow
A: horns 2, retaliatory headbutt, regeneration 1, electricity resistance
a: Renounce Religion, Berserk, Trog's Hand, Brothers in Arms


You were on level 1 of the Snake Pit.
You worshipped Trog.
Trog was exalted by your worship.
You visited 5 branches of the dungeon, and saw 24 of its levels.

You collected 2427 gold pieces.
You spent 314 gold pieces at shops.

Inventory:

Hand Weapons
 l - the +7 war axe "Dotzif" {antimagic, Drain rPois rF- Int+8}
   (You found it on level 2 of the Dungeon)

   Int:       It affects your intelligence (+8).
   rF:        It makes you vulnerable to fire.
   rPois:     It protects you from poison.
   Drain:     It drains your maximum health when unequipped.
 K - a +5 heavy executioner's axe (weapon)
Armour
 r - a scarf of shadows (worn)
 s - a +1 hat (worn)
 u - a +2 crystal plate armour (worn)
 N - a +0 pair of boots (worn)
 P - a +2 pair of gloves of infusion (worn)
Jewellery
 z - an amulet of the acrobat (around neck)
 A - a +5 ring of evasion (right hand)
 E - the ring "Xiympiny" (left hand) {rC+ Int+3 Dex+4}
   (You found it on level 4 of the Lair of Beasts)

   [ring of protection from cold]

   Int:       It affects your intelligence (+3).
   Dex:       It affects your dexterity (+4).
   rC:        It protects you from cold.
 J - a +4 ring of protection
Wands
 h - a wand of paralysis (5)
 n - a wand of flame (32)
 o - a wand of roots (26)
 t - a wand of digging (6)
 B - a wand of mindburst (18)
 C - a wand of polymorph (10)
Scrolls
 c - a scroll of brand weapon
 d - 3 scrolls of poison
 g - 2 scrolls of blinking
 j - 7 scrolls of teleportation
 k - 2 scrolls of magic mapping
 q - 2 scrolls of identify
 x - 2 scrolls of fear
 G - a scroll of fog
 L - a scroll of summoning
Potions
 a - 5 potions of haste
 b - 2 potions of magic
 f - 2 potions of curing
 i - 2 potions of heal wounds
 m - 5 potions of flight
 p - 2 potions of invisibility
 v - 3 potions of might
 w - 2 potions of cancellation
 D - 2 potions of berserk rage
 I - a potion of resistance
Miscellaneous
 M - a phial of floods


   Skills:
 + Level 16.4 Fighting
 - Level 4.2 Long Blades
 * Level 17.5 Axes
 + Level 16.2 Armour
 - Level 13.2 Dodging
 + Level 10.7 Evocations


You had 15 spell levels left.
You didn't know any spells.
Your spell library contained the following spells:

 Spells                   Type           Power      Damage    Failure   Level
 Freeze                   Ice            0%         1d3       100%        1
 Kiss of Death            Conj/Necr      0%         2d5       100%        1
 Magic Dart               Conj           0%         1d3       100%        1
 Searing Ray              Conj           0%         2d4       100%        2
 Confusing Touch          Hex            0%         N/A       100%        3
 Dazzling Flash           Conj/Hex       0%         N/A       100%        3
 Frozen Ramparts          Ice            0%         1d1       100%        3
 Hailstorm                Conj/Ice       0%         3d3       100%        3
 Volatile Blastmotes      Fire/Tloc      0%         2d10      100%        3
 Animate Armour           Summ/Erth      0%         N/A       100%        4
 Animate Dead             Necr           0%         N/A       100%        4
 Cause Fear               Hex            0%         N/A       100%        4
 Dispel Undead            Necr           0%         3d6       100%        4
 Fulminant Prism          Conj/Hex       0%         3d5       100%        4
 Ice Form                 Ice/Tmut       0%         N/A       100%        4
 Iskenderun's Mystic Bla  Conj/Tloc      0%         2d3       100%        4
 Petrify                  Tmut/Erth      0%         N/A       100%        4
 Summon Ice Beast         Ice/Summ       0%         N/A       100%        4
 Blade Hands              Tmut           0%         N/A       100%        5
 Borgnjor's Vile Clutch   Necr/Erth      0%         N/A       100%        5
 Metabolic Englaciation   Hex/Ice        0%         N/A       100%        5
 Death Channel            Necr           0%         N/A       100%        6
 Iron Shot                Conj/Erth      0%         9d1       100%        6
 Starburst                Conj/Fire      0%         6d3       100%        6
 Statue Form              Tmut/Erth      0%         N/A       100%        6
 Dragon Form              Tmut           0%         N/A       100%        7
 Dragon's Call            Summ           0%         N/A       100%        9


Dungeon Overview and Level Annotations

Branches:
Dungeon (15/15)            Temple (1/1) D:4            Lair (5/5) D:9
  Swamp (0/4) Lair:3        Snake (1/4) Lair:2        Slime (0/5) Lair:4
    Orc (2/2) D:12            Elf (0/3) Orc:2        Vaults (0/5) D:13
 Depths (0/4) D:15

Altars:
Ashenzari
Cheibriados
Dithmenos
Elyvilon
Fedhas
Gozag
Hepliaklqana
Kikubaaqudgha
Makhleb
Nemelex Xobeh
Okawaru
Qazlal
Ru
Sif Muna
Trog
Uskayaw
Vehumet
Wu Jian
Xom
Yredelemnul
Zin
The Shining One
Jiyva
Lugonu

Shops:
D:3 :   D:6 (=   D:8 *   D:15 *   Orc:1 (   Orc:2 :[(*

Portals:
Abyss: D:5
Trove: D:13 (give 18 scrolls of teleportation)

Annotations:
D:10 1 runed translucent door


Innate Abilities, Weirdness & Mutations

You have a pair of horns on your head.
You reflexively headbutt those who attack you in melee.
Your natural rate of healing is unusually fast.
You are resistant to electric shocks. (rElec)


Message History

You kill the naga!
Trog accepts your kill.
You feel sick.
The naga sharpshooter mumbles some strange words.
The naga sharpshooter magically shoots a bolt.
The bolt hits you but does no damage.
The naga sharpshooter spits poison at you.
The splash of poison misses you.
The naga sharpshooter mumbles some strange words.
The naga sharpshooter magically shoots a bolt.
The bolt closely misses you.
You slice the naga sharpshooter!!
The naga sharpshooter is moderately wounded.
You feel very sick.
You are no longer poisoned.
The naga sharpshooter shoots a bolt.
The bolt closely misses you.
The naga sharpshooter mumbles some strange words.
The naga sharpshooter magically shoots a bolt.
The bolt closely misses you.
A naga warrior comes into view. It is wielding a +0 scimitar.
You completely miss the naga sharpshooter.
You headbutt the naga sharpshooter, but do no damage.
The naga sharpshooter is moderately wounded.
The naga sharpshooter shoots a bolt.
The bolt hits you!
* * * LOW HITPOINT WARNING * * *
The naga sharpshooter shoots a bolt.
The bolt hits you!!
* * * LOW HITPOINT WARNING * * *
You hear a shout!
You closely miss the naga sharpshooter. You headbutt the naga sharpshooter.
The naga sharpshooter is moderately wounded.
You carve the naga warrior like a ham!!!
You hear a shout!
The naga sharpshooter spits poison at you.
The splash of poison hits you!
You are poisoned.
* * * LOW HITPOINT WARNING * * *
The naga sharpshooter shoots a bolt.
The bolt hits you.
* * * LOW HITPOINT WARNING * * *
The naga warrior hits you with a +0 scimitar!
You die...

##.......N#
..........
........N ........
......)#####
##†.)..##
######.).)##.##
......N.....))##
#....N@.....)..##
.....).....†....#
...#.......##...##
..#####..#.##....#
##.#####...##
#.#..#....#.#
#.......##.##
#..##.....#.#
##......##


You could see a naga warrior and a naga sharpshooter (catching breath).

Vanquished Creatures
  Jorgrun (D:12)
  An orc warlord (Orc:2)
  The ghost of Jiecrehi the Severer, a journeyman DDFi of Makhleb (D:15)
  Nessos (D:12)
  A great orb of eyes (D:15)
  A fire dragon (D:13)
  2 vault guards (D:13)
  4 hydras
  A rakshasa (D:15)
  Fannar (Orc:1)
  9 centaur warriors
  An ogre mage (D:15)
  4 catoblepae
  13 death yaks
  8 boulder beetles
  4 two-headed ogres
  A death knight (D:14)
  4 tengu warriors
  A naga warrior (Snake:1)
  3 orc high priests (Orc:2)
  Urug (Lair:5)
  Sonja (D:13)
  A skyshark (Lair:4)
  Nergalle (D:12)
  2 bog bodies (Lair:3)
  5 orc knights
  An obsidian statue (D:15)
  Pikel (D:5)
  A deep elf zephyrmancer (D:15)
  5 deep elf pyromancers
  4 orc sorcerers
  5 manticores
  14 ugly things
  4 cyclopes
  3 elephants (Lair:3)
  2 salamanders (Snake:1)
  10 black mambas
  A guardian serpent (Snake:1)
  A naga mage (Snake:1)
  14 cane toads
  A kobold demonologist (D:8)
  2 unseen horrors
  5 komodo dragons
  3 rime drakes
  5 yaktaurs
  4 freezing wraiths
  An efreet (D:15)
  2 tengu conjurers
  8 trolls
  4 polar bears
  14 blink frogs
  A dream sheep (shapeshifter) (D:15)
  12 dream sheep
  A centaur simulacrum (D:15)
  Sigmund (D:3)
  A spriggan (Lair:5)
  7 slime creatures
  6 wraiths
  4 wyverns
  62 yaks
  4 basilisks
  4 fire bats (D:10)
  Grum (Lair:1)
  12 vampire mosquitoes
  A warg (Orc:2)
  6 nagas (Snake:1)
  2 swamp worms (Lair:3)
  4 acid dragons
  18 water moccasins
  An ice beast (D:7)
  2 sky beasts
  30 orc warriors
  8 ogres
  10 wolves (Lair:1)
  14 centaurs
  10 kobold brigands
  13 bullfrogs
  3 scorpions
  15 killer bees
  2 electric eels
  5 howler monkeys
  4 crimson imps (D:11)
  2 hounds (D:6)
  2 gnoll boudas
  19 orc priests
  3 jellies
  A sleepcap (D:6)
  5 iguanas
  24 orc wizards
  Natasha (thrice) (D:2)
  9 gnolls
  8 adders
  2 shadow imps
  2 white imps
  An ufetubus (D:6)
  A dart slug (D:4)
  70 orcs
  32 bats
  16 endoplasms
  5 goblins
  3 hobgoblins
  2 jackals (D:1)
  38 kobolds
  4 quokkas
  3 ball pythons
  2 rats (D:2)
709 creatures vanquished.

Vanquished Creatures (others)
  A deep elf high priest (D:15)
  A deep elf knight (D:15)
  A redback simulacrum (D:15)
  A centaur (Lair:2)
  An orc (D:12)
  2 lurking horrors (D:5)
7 creatures vanquished.

Grand Total: 716 creatures vanquished

Notes
Turn   | Place    | Note
-------+----------+-------------------------------------------
     0 | D:1      | ChiefBigBeans the Minotaur Berserker began the quest for
                  | the Orb.
     0 | D:1      | Reached XP level 1. HP: 19/19 MP: 0/0
   200 | D:1      | Reached XP level 2. HP: 27/27 MP: 1/1
   438 | D:1      | You fall into a shaft and drop 1 floor!
   473 | D:2      | Found a sparkling altar of Nemelex Xobeh.
   500 | D:2      | Identified the +7 war axe "Dotzif" {antimagic, Drain rPois
                  | rF- Int+8}
   512 | D:2      | Noticed Natasha
   518 | D:2      | Killed Natasha
   519 | D:2      | Reached skill level 1 in Axes
   519 | D:2      | Reached XP level 3. HP: 28/34 MP: 0/2
   543 | D:2      | Noticed Natasha
   546 | D:2      | Killed Natasha
   546 | D:2      | Reached ** piety under Trog
   547 | D:2      | Reached skill level 2 in Axes
   599 | D:2      | Reached XP level 4. HP: 41/41 MP: 1/3
   813 | D:2      | Noticed Natasha
   824 | D:2      | Killed Natasha
   825 | D:2      | Reached skill level 3 in Axes
  1047 | D:2      | Reached skill level 5 in Fighting
  1256 | D:3      | Found a stormy altar of Qazlal.
  1321 | D:3      | Found Biygyleu's Book Emporium.
  1341 | D:3      | Reached XP level 5. HP: 48/48 MP: 1/4
  1411 | D:3      | Found an opulent altar of Gozag.
  1575 | D:3      | Noticed Sigmund
  1604 | D:3      | Killed Sigmund
  1605 | D:3      | Reached skill level 5 in Axes
  1605 | D:3      | Reached XP level 6. HP: 41/57 MP: 1/5
  2412 | D:4      | Reached skill level 6 in Axes
  2415 | D:4      | Reached *** piety under Trog
  2425 | D:4      | Found a staircase to the Ecumenical Temple.
  2636 | D:4      | Found a white marble altar of Elyvilon.
  3256 | D:4      | Reached XP level 7. HP: 62/64 MP: 2/6
  3402 | D:5      | Entered Level 5 of the Dungeon
  3407 | D:5      | Reached skill level 7 in Axes
  3415 | D:5      | Noticed Pikel
  3427 | D:5      | Killed Pikel
  3428 | D:5      | Reached skill level 8 in Axes
  3428 | D:5      | Reached XP level 8. HP: 62/73 MP: 2/7
  3446 | D:5      | Found a large runed translucent door.
  3447 | D:5      | Found a large runed translucent door.
  3468 | D:5      | Found an ancient bone altar of Kikubaaqudgha.
  3483 | D:5      | Found a shadowy altar of Dithmenos.
  3493 | D:5      | Reached skill level 9 in Axes
  3658 | D:5      | Found a sparkling altar of Nemelex Xobeh.
  3749 | D:5      | Found a one-way gate to the infinite horrors of the Abyss.
  3752 | D:5      | Found a corrupted altar of Lugonu.
  4134 | D:5      | Found a sacrificial altar of Ru.
  4426 | D:6      | Found Jair's Weapon Emporium.
  4476 | D:6      | Found Lierchusm's Jewellery Shoppe.
  4586 | D:6      | Gained mutation: You are resistant to electric shocks.
                  | (rElec) [potion of mutation]
  4586 | D:6      | Gained mutation: Your natural rate of healing is unusually
                  | fast. [potion of mutation]
  4621 | D:6      | Reached skill level 10 in Axes
  4876 | D:6      | Found a snail-covered altar of Cheibriados.
  4883 | D:6      | Found a basalt altar of Yredelemnul.
  5197 | D:7      | Reached **** piety under Trog
  5203 | D:7      | Reached XP level 9. HP: 82/82 MP: 2/8
  5816 | D:8      | Found Noshro's General Store.
  5838 | D:8      | Reached skill level 5 in Armour
  5886 | D:8      | Bought a scroll of enchant armour for 105 gold pieces
  6190 | D:8      | Noticed a kobold demonologist
  6231 | D:8      | Reached ***** piety under Trog
  6256 | D:8      | Killed a kobold demonologist
  6257 | D:8      | Reached skill level 5 in Dodging
  6703 | D:9      | Noticed a two-headed ogre
  6708 | D:9      | Killed a two-headed ogre
  6709 | D:9      | Reached skill level 11 in Axes
  6709 | D:9      | Reached XP level 10. HP: 64/91 MP: 3/9
  6799 | D:9      | Noticed a death yak
  6801 | D:9      | Found a staircase to the Lair.
  6801 | D:9      | Noticed a death yak
  6810 | D:9      | Killed a death yak
  6816 | D:9      | Killed a death yak
  6872 | D:9      | Noticed a death yak
  6872 | D:9      | Noticed a death yak
  6872 | D:9      | Noticed a death yak
  6903 | D:10     | Entered Level 10 of the Dungeon
  6914 | D:10     | Killed a death yak
  6988 | D:10     | Killed a death yak
  6989 | D:10     | Reached skill level 10 in Fighting
  6992 | D:10     | Killed a death yak
  6993 | D:10     | Reached skill level 12 in Axes
  6993 | D:10     | Reached skill level 10 in Armour
  7075 | D:9      | Reached XP level 11. HP: 78/101 MP: 3/10
  7130 | D:9      | Found a shimmering altar of Xom.
  7374 | D:9      | Noticed a two-headed ogre
  7381 | D:9      | Killed a two-headed ogre
  7865 | D:10     | Found a runed translucent door.
  7870 | D:10     | Found an iron altar of Okawaru.
  7882 | D:10     | Found a radiant altar of Vehumet.
  7895 | D:10     | Found a burning altar of Makhleb.
  7905 | D:10     | Found a blossoming altar of Fedhas.
  7911 | D:10     | Received a gift from Trog
  7976 | D:10     | Found a shimmering blue altar of Sif Muna.
  8016 | D:10     | Found a shimmering altar of Xom.
  8779 | D:10     | Noticed a flayed ghost
  8904 | Temple   | Entered the Ecumenical Temple
  9151 | Lair:1   | Entered Level 1 of the Lair of Beasts
  9159 | Lair:1   | Reached skill level 13 in Axes
  9540 | Lair:1   | Noticed Grum
  9554 | Lair:1   | Killed Grum
  9770 | Lair:1   | Reached XP level 12. HP: 112/112 MP: 3/11
 10264 | Lair:2   | Found a staircase to the Snake Pit.
 10517 | Lair:2   | Reached skill level 10 in Dodging
 10668 | Lair:2   | Found an ancient bone altar of Kikubaaqudgha.
 10918 | Lair:3   | Reached skill level 14 in Axes
 11033 | Lair:3   | Received a gift from Trog
 11457 | Lair:3   | Found a staircase to the Swamp.
 11770 | Lair:4   | Reached XP level 13. HP: 122/122 MP: 4/12
 11795 | Lair:4   | Found a viscous altar of Jiyva.
 11799 | Lair:4   | Found a staircase to the Slime Pits.
 11955 | Lair:4   | Identified the ring "Xiympiny" {rC+ Int+3 Dex+4}
 12163 | Lair:4   | Reached skill level 15 in Axes
 12287 | Lair:4   | Reached ****** piety under Trog
 12595 | Lair:5   | Entered Level 5 of the Lair of Beasts
 12675 | Lair:5   | Identified the +1 mace "Qubyoha" {speed, Int+3}
 12700 | Lair:5   | Noticed Urug
 12708 | Lair:5   | Killed Urug
 12747 | Lair:5   | Received a gift from Trog
 13128 | Lair:5   | Reached skill level 16 in Axes
 13128 | Lair:5   | Reached XP level 14. HP: 133/133 MP: 4/13
 13296 | Lair:5   | Reached skill level 15 in Fighting
 13671 | Lair:5   | Reached skill level 15 in Armour
 14982 | D:11     | Received a gift from Trog
 15024 | D:11     | Found a shimmering altar of Xom.
 15338 | D:12     | Noticed Nessos
 15353 | D:12     | Killed Nessos
 15518 | D:12     | Found a staircase to the Orcish Mines.
 15525 | D:12     | Reached skill level 1 in Evocations
 15527 | D:12     | Noticed Jorgrun
 15535 | D:12     | Killed Jorgrun
 15538 | D:12     | Noticed Nergalle
 15544 | D:12     | Killed Nergalle
 15939 | D:13     | Reached skill level 5 in Evocations
 16019 | D:13     | Found a portal to a secret trove of treasure.
 16035 | D:13     | Noticed Sonja
 16053 | D:13     | Killed Sonja
 16360 | D:13     | Identified the +0 scale mail of Cowardice {rPois rF- rN++}
 16363 | D:13     | Found a gate to the Vaults.
 16480 | D:13     | Received a gift from Trog
 16522 | D:13     | Identified the +1 chain mail of the Leaf {Str+3}
 16775 | D:14     | Reached XP level 15. HP: 57/141 MP: 14/14
 17005 | D:14     | Found a broken altar of Ashenzari.
 17776 | D:14     | Found a shimmering blue altar of Sif Muna.
 17814 | D:15     | Entered Level 15 of the Dungeon
 17833 | D:15     | Reached skill level 10 in Evocations
 17879 | D:15     | Found a radiant altar of Vehumet.
 18062 | D:15     | Found a staircase to the Depths.
 18538 | D:15     | Found a runed translucent gate.
 18538 | D:15     | Found a runed translucent gate.
 18540 | D:15     | Found an opulent altar of Gozag.
 18541 | D:15     | Found a runed translucent gate.
 18545 | D:15     | Noticed Jiecrehi's ghost (journeyman DDFi)
 18546 | D:15     | Found Voleo's Assorted Antiques.
 19128 | D:15     | Killed Jiecrehi's ghost
 19128 | D:15     | Received a gift from Trog
 19390 | Orc:1    | Entered Level 1 of the Orcish Mines
 19493 | Orc:1    | Noticed Fannar
 19502 | Orc:1    | Killed Fannar
 19679 | Orc:1    | Found Iqocratzex's Antique Weapon Boutique.
 19803 | Orc:2    | Entered Level 2 of the Orcish Mines
 19902 | Orc:2    | Reached skill level 17 in Axes
 19912 | Orc:2    | Found Loaleil's Book Emporium.
 20032 | Orc:2    | Received a gift from Trog
 20159 | Orc:2    | Found a staircase to the Elven Halls.
 20418 | Orc:2    | Found Myditul's Antique Weapon Shoppe.
 20423 | Orc:2    | Found Osuab's Antique Armour Emporium.
 20429 | Orc:2    | Bought a pair of glowing gloves for 157 gold pieces
 20717 | Orc:2    | Found Zedasmux's Assorted Antiques.
 20724 | Orc:2    | Bought a scroll labelled XUGIUD TE YMP for 26 gold pieces
 20724 | Orc:2    | Bought a scroll labelled NYX PUVAOFAA for 26 gold pieces
 21102 | Snake:1  | Entered Level 1 of the Snake Pit
 21173 | Snake:1  | Reached XP level 16. HP: 66/152 MP: 5/15
 21187 | Snake:1  | Slain by a naga warrior

Illustrated notes

Levels and vault maps discovered:
D:1:      wander_arrival_estate, layout_loops_corners,
          shapermc_ecumenical_altar_starsandcircs
D:2:      layout_basic, basic_altar, uniq_natasha
D:3:      cheibrodos_fertilizer, layout_basic, mainiacjoe_overflow_catwalk,
          nicolae_gozag_cash_rules_everything_around_me, serial_shops, shop,
          uniq_sigmund
D:4:      layout_basic, mainiacjoe_overflow_tiny_flanked,
          minmay_temple_entry_arrows
D:5:      layout_rooms, amcnicky_altar_gilded, nicolae_ru_sacrificial_ziggurat,
          jmf_multi_god_temple2, amcnicky_altar_lugonu_corruption, uniq_pikel
D:6:      layout_basic, amethyst_overflow_temple_binary, serial_shops,
          nicolae_shop_bloodbath_and_beyond,
          nicolae_shop_temple_entry_statues_fountains, minmay_misc_feat_tower
D:7:      layout_layer_cave
D:8:      layout_loops_cross, special_room [special_room_kobold], serial_shops,
          shop
D:9:      nicolae_whirlpool, layout_long_grid, lemuel_tele_altar,
          dpeg_lair_monsters
D:10:     due_megacathedral, layout_irregular_city
D:11:     layout_loops_ring, led_xom_imps
D:12:     dreamdust_cave_troll, layout_rooms, david_orc_3,
          minmay_variable_closet, uniq_nessos, uniq_jorgrun, uniq_nergalle
D:13:     layout_loops_ring, david_vaults_5, enter_trove_5,
          gauntlet_entry_generic, uniq_sonja
D:14:     minmay_isolated_rectangles_in_corner, layout_irregular_city,
          evilmike_ruin_ashenzari, lemuel_blue_sif_altar
D:15:     gammafunk_enter_depths_forms, layout_basic, ebering_ghost_gozag,
          nicolae_figureground_pulse, fountainhead, vehumet_altar_wand_db
Temple:   hellmonk_temple_flake
Lair:1:   layout_hall_layers, st_stairs_12, grunt_megastairs_3, uniq_grum
Lair:2:   layout_cave_shapes, guppyfry_snake_entry_island, lemuel_centaur_altar,
          grunt_megastairs_1
Lair:3:   layout_misc_corridors, nicolae_swamp_entry_splash_gauntlet
Lair:4:   nzn_winding_woodlands_small [nzn_winding_woodlands_5x15_split_checker,
          nzn_winding_woodlands_center_garden,
          nzn_winding_woodlands_5x15_river_crossing], layout_regular_city,
          slime_entry_1, grunt_megastairs_4
Lair:5:   evilmike_catoblepas_cave, layout_long_grid,
          grunt_forest_large_clearing_hut, infiniplex_staircase_pool_2,
          grunt_megastairs_2, uniq_urug
Snake:1:  layout_onion_interference
Orc:1:    layout_caves, serial_shops, nicolae_shop_statue_plus, uniq_fannar
Orc:2:    grunt_orc_community_town_hall, layout_caves,
          grunt_orc_community_big_house_2, grunt_orc_community_big_house_1,
          grunt_orc_community_house_2, grunt_orc_community_house_3,
          grunt_orc_community_house_3, grunt_orc_community_house_2,
          grunt_orc_community_house_1, grunt_orc_community_house_3

Skill      XL: |  1  2  3  4  5  6  7  8  9 10 11 12 13 14 15 |
---------------+----------------------------------------------+-----
Fighting       | 4 5 6 7 8 9 10 12 13 14 15 16 | 16.4
Long Blades    | 4 |  4.2
Axes           | 1 2 3 5 6 8 10 11 12 13 14 16 17 | 17.5
Armour         | 3 8 10 11 13 14 15 16 | 16.2
Dodging        | 6 7 9 11 12 13 | 13.2
Evocations     | 8 10 | 10.7

Action                     |  1- 3 |  4- 6 |  7- 9 | 10-12 | 13-15 | 16-18 || total
---------------------------+-------+-------+-------+-------+-------+-------++-------
  Melee: Falchion          |    29 |       |       |       |       |       ||    29
         Headbutt          |     5 |    14 |    24 |   109 |   177 |     2 ||   331
         War axe           |     9 |    85 |   210 |   448 |   299 |       ||  1051
         Punch             |       |       |     2 |     8 |     5 |       ||    15
         Executioner's axe |       |       |       |       |   439 |     4 ||   443
  Evoke: Wand              |       |       |       |     8 |     1 |       ||     9
         Phial of floods   |       |       |       |       |     1 |       ||     1
    Use: Scroll            |       |    12 |     4 |     4 |     9 |       ||    29
         Potion            |       |     4 |     2 |     2 |     6 |       ||    14
   Stab: Petrifying        |       |       |       |       |     1 |       ||     1
         Paralysed         |       |       |       |       |     1 |       ||     1
 Armour: Animal skin       |     7 |       |       |       |       |       ||     7
         Chain mail        |     3 |    16 |       |       |       |       ||    19
         Plate armour      |       |    15 |       |       |       |       ||    15
         Crystal plate arm |       |     5 |   134 |   344 |   544 |     3 ||  1030
  Dodge: Dodged            |    41 |    26 |    48 |   323 |   863 |    17 ||  1318
